AoeStats
← Pete Rysel

Arabia

509428868Analyzed
1v1 RM · 5d ago on Sep 26, 2026· 30m 6s· 2 players
Game mode
Random Map
Map size
Tiny (2 player)
Population
200
Speed
Normal
Resources
Standard
Victory
Conquest
Starting age
Dark Age
Ending age
Imperial Age
RankedLock teamsTeams togetherTeam positionsShared explorationLock speedFull tech treeHidden civsTurbo modeCheats
Victory
Defeat
🇫🇷 Britons · France
864
+15
🇨🇭 Armenians · Switzerland
844
-15
Pete Rysel
7:27 Loom
9:51 Feudal Age
10:25 Man-at-Arms
10:53 Arson
14:14 Double-Bit Axe
14:56 Scale Mail Armor
14:42 Long Swordsman
16:36 Horse Collar
21:23 Castle Age
25:45 Bow Saw
25:34 Stone Mining
26:05 Chain Mail Armor
26:06 Squires
シ『Ph 7 DAN 犬 Zan
7:26 Loom
9:31 Feudal Age
10:16 Double-Bit Axe
11:04 Man-at-Arms
18:21 Fletching
19:02 Horse Collar
26:11 Castle Age
25:39 Gold Mining
27:51 Wheelbarrow
26:44 Crossbowman
28:09 Pikeman
28:18 Long Swordsman
Connection lost

Rejoining the realm…

Still unreachable

The connection could not be restored.

Session expired

The server has moved on; the page needs a fresh start.